WCHLSIM.com - West Coast Hockey League
html PUBLIC "-//W3C//DTD XHTML 1.0 Transitional//EN" "http://www.w3.org/TR/xhtml1/DTD/xhtml1-transitional.dtd"> WCHL - Game 208 - NORTH DAKOTA HAWKS vs SASKATOON DUCKS

NORTH DAKOTA HAWKS vs SASKATOON DUCKS

Created - 11 novembre 2022 at 22:48

Goals
1 2 3 OT1 SO T
NORTH DAKOTA HAWKS 1 1 4 0 1 6
SASKATOON DUCKS 1 3 2 0 2 7
Shots
1 2 3 OT1 SO T
NORTH DAKOTA HAWKS 11 15 9 2 3 37
SASKATOON DUCKS 10 8 11 3 3 32

1st period

1. SASKATOON DUCKS , William Nylander 5 (William Borgen 3) at 5:35
2. NORTH DAKOTA HAWKS , Alex Killorn 7 (Jack Hughes 11) at 14:02

Penalties :
Marc Staal (NDH) for Hooking (Minor) at 6:35

2nd period

3. SASKATOON DUCKS , Jake Guentzel 9 (Alexander Edler 1, Sidney Crosby 13) at 0:11
4. NORTH DAKOTA HAWKS , Reyley Smith 5 (Quinton Hughes 4, Jack Hughes 12) at 2:40
5. SASKATOON DUCKS , Artemi Panarin 3 (Ryan Strome 4, Anthony Duclair 5) at 9:52
6. SASKATOON DUCKS , Anthony Duclair 2 (Artemi Panarin 5, Ryan Strome 5) at 16:38

Penalties :
Ryan McDonagh (SAS) for Holding Stick (Minor) at 12:39, Artemi Panarin (SAS) for Hooking (Minor) at 17:46

3rd period

7. NORTH DAKOTA HAWKS , Reyley Smith 6 (Jack Hughes 13, Alex Killorn 8) at 3:45
8. NORTH DAKOTA HAWKS , Nazem Kadri 7 (Jason Robertson 12, Jordan Kyrou 7) at 9:32
9. SASKATOON DUCKS , Artemi Panarin 4 (Jaycob Megna 1, Anthony Duclair 6) at 10:46
10. NORTH DAKOTA HAWKS , Dillon Dube 2 (Nick Suzuki 3, Patrick Kane 5) at 13:07
11. NORTH DAKOTA HAWKS , Reyley Smith 7 (Alex Killorn 9) at 17:24
12. SASKATOON DUCKS , Artemi Panarin 5 (Claude Giroux 6) at 19:06

Penalties :
Nick Holden (NDH) for Holding (Minor) at 15:03

Overtime #1

No Goal

Penalties :
No Penalty

Shootout

NORTH DAKOTA HAWKS, Nazem Kadri - Shot Misses the Net
SASKATOON DUCKS, Sidney Crosby - Goal!
NORTH DAKOTA HAWKS, Jack Hughes - Stopped by Tristan Jarry
SASKATOON DUCKS, Jake Guentzel - Stopped by Pavel Francouz
NORTH DAKOTA HAWKS, Jason Robertson - Goal!
SASKATOON DUCKS, Artemi Panarin - Goal!

Penalties :
No Penalty

Goalie Stats

Carter Hart (NDH), 14 saves from 18 shots - (0,778), 36:38 minutes
Pavel Francouz (NDH), 12 saves from 14 shots - (0,857), OTL, 1-2-2, 28:22 minutes
Tristan Jarry (SAS), 31 saves from 37 shots - (0,838), W, 7-5-0, 64:58 minutes

Players Stats for NORTH DAKOTA HAWKS

Player Name              G  A  P  +/- PIM S  H  SB GA TA FO     MP     PP MP  PK MP  
------------------------------------------------------------------------------------
Alex Killorn             1  2  3   2  0   7  1  0  0  0  1/1    17:44   2:16   0:00 
Dillon Dube              1  0  1  -2  0   2  0  0  0  0  0/2    15:58   0:00   1:16 
Erik Johnson             0  0  0  -1  0   1  2  0  0  0  0/0    20:32   0:00   1:43 
Frank Vatrano            0  0  0   0  0   0  0  0  0  0  0/0     7:00   0:00   0:43 
Jack Hughes              0  3  3   2  0   3  0  0  0  0  8/26   19:53   2:05   0:00 
Jake DeBrusk             0  0  0   0  0   0  1  0  0  0  0/1     8:31   0:00   2:14 
Jason Robertson          0  1  1   0  0   3  1  0  0  0  0/1    19:39   1:42   0:00 
Jordan Kyrou             0  1  1   0  0   0  0  0  0  0  0/0    18:08   1:42   0:49 
Marc Staal               0  0  0   4  2   0  1  0  0  0  0/0    16:19   0:00   0:22 
Mathew Dumba             0  0  0  -3  0   1  1  5  0  0  0/0    23:45   1:53   2:15 
Nazem Kadri              1  0  1   0  0   6  2  1  0  0  13/27  20:19   1:42   0:20 
Nic Dowd                 0  0  0   0  0   1  0  0  0  0  7/12    8:31   0:00   2:14 
Nick Holden              0  0  0   4  2   0  1  1  0  0  0/0    16:50   0:00   0:53 
Nick Suzuki              0  1  1  -2  0   1  0  1  0  0  8/18   16:58   2:16   0:00 
Patrick Kane             0  1  1  -2  0   4  0  0  0  0  1/3    19:15   1:53   0:00 
Quinton Hughes           0  1  1  -1  0   1  0  0  0  0  0/0    24:02   2:05   0:28 
Reyley Smith             3  0  3   2  0   7  0  0  0  0  0/1    18:04   2:16   0:20 
Ryan Lindgren            0  0  0  -3  0   0  1  1  0  0  0/0    19:32   0:00   2:15 

Players Stats for SASKATOON DUCKS

Player Name              G  A  P  +/- PIM S  H  SB GA TA FO     MP     PP MP  PK MP  
------------------------------------------------------------------------------------
Alexander Edler          0  1  1  -1  0   1  3  1  0  0  0/0    19:46   0:00   1:44 
Anthony Duclair          1  2  3   2  0   4  0  2  0  0  0/0    19:43   1:51   2:17 
Artemi Panarin           3  1  4   3  2   7  1  0  0  0  1/3    20:27   2:26   0:00 
Bryan Rust               0  0  0  -1  0   2  1  0  0  0  0/3    16:27   1:32   0:00 
Claude Giroux            0  1  1   0  0   4  2  0  0  0  19/30  19:48   2:26   0:00 
Curtis Lazar             0  0  0  -1  0   0  1  0  0  0  1/2     7:19   0:00   1:41 
Derick Brassard          0  0  0   0  0   0  0  0  0  0  2/6     5:44   0:00   0:00 
Jake Guentzel            1  0  1  -1  0   3  2  0  0  0  0/0    20:01   1:32   0:00 
Jaycob Megna             0  1  1   1  0   0  1  0  0  0  0/0    14:05   0:00   0:00 
Kailer Yamamoto          0  0  0  -1  0   0  1  0  0  0  0/1    15:50   0:00   0:00 
Kevin Shattenkirk        0  0  0   0  0   0  2  0  0  0  0/0    26:40   2:07   2:15 
Mathieu Joseph           0  0  0  -1  0   2  0  0  0  0  0/1     7:19   0:00   1:41 
Ryan McDonagh            0  0  0   0  2   0  2  1  0  0  0/0    26:05   2:07   1:23 
Ryan Strome              0  2  2   2  0   3  2  0  0  0  17/25  17:52   0:00   2:17 
Samuel Girard            0  0  0  -1  0   0  1  2  0  0  0/0    21:36   1:51   1:43 
Sidney Crosby            0  1  1  -1  0   2  2  0  0  0  13/20  20:01   1:32   0:00 
William Borgen           0  1  1   1  0   0  0  0  0  0  0/0    14:56   0:00   0:51 
William Nylander         1  0  1  -1  0   4  0  0  0  0  1/1    17:21   2:26   0:00 

3 Stars

1 - Artemi Panarin (SAS)
2 - Reyley Smith (NDH)
3 - Anthony Duclair (SAS)

Power Play

NORTH DAKOTA HAWKS - 0 on 2 Attempt(s) - 0,00%
SASKATOON DUCKS - 0 on 2 Attempt(s) - 0,00%

Penalty Kill

NORTH DAKOTA HAWKS - 2 on 2 Attempt(s) - 100,00% - Score 0 goal in Penalty Kill
SASKATOON DUCKS - 2 on 2 Attempt(s) - 100,00% - Score 0 goal in Penalty Kill

Team Stat

NORTH DAKOTA HAWKS - Hits : 11 - Faceoff Wins : 38 - Blocked Shots : 9 - Penalty Minutes : 4
SASKATOON DUCKS - Hits : 21 - Faceoff Wins : 54 - Blocked Shots : 6 - Penalty Minutes : 4

Official

Referees : Brandon Blandina and Andrew Wilk
Linesman : James Tobias and Trent Knorr

Game Notes

Pavel Francouz enters game at 16:38 of 2nd period
Reyley Smith has scored a Hat Trick!
Artemi Panarin has scored a Hat Trick!

Finance

Level 1 -- Attendance: 6600 (100,00%) -- Ticket Income 924 000 $
Level 2 -- Attendance: 5058 (90,32%) -- Ticket Income 480 510 $
Level 3 -- Attendance: 2200 (100,00%) -- Ticket Income 143 000 $
Level 4 -- Attendance: 4600 (100,00%) -- Ticket Income 207 000 $
Luxury Box -- Attendance: 958 (95,80%) -- Ticket Income 249 080 $
Total Attendance: 19416 (97,08%)
Total Ticket Income: 2 003 590 $
Other Expense: 20 036 $
Total Income: 1 983 554 $

NORTH DAKOTA HAWKS

5 vs 5 Forward 
   Center                   Left Wing                Right Wing               Time % Phy DF OF 
 1 Nazem Kadri              Jason Robertson          Jordan Kyrou             30     0   0  5  
 2 Jack Hughes              Alex Killorn             Reyley Smith             29     0   0  5  
 3 Nick Suzuki              Dillon Dube              Patrick Kane             28     0   2  3  
 4 Nic Dowd                 Jake DeBrusk             Frank Vatrano            13     0   3  2  

5 vs 5 Defense 
   Defense                  Defense                                           Time % Phy DF OF 
 1 Quinton Hughes           Erik Johnson                                      37     0   1  4  
 2 Ryan Lindgren            Mathew Dumba                                      33     0   3  2  
 3 Nick Holden              Marc Staal                                        20     0   4  1  
 4 Nick Holden              Marc Staal                                        10     0   4  1  

PowerPlay Forward 
   Center                   Left Wing                Right Wing               Time % Phy DF OF 
 1 Nazem Kadri              Jason Robertson          Jordan Kyrou             55     0   0  5  
 2 Nick Suzuki              Alex Killorn             Reyley Smith             45     0   0  5  

PowerPlay Defense
   Defense                  Defense                                           Time % Phy DF OF 
 1 Jack Hughes              Quinton Hughes                                    55     0   0  5  
 2 Mathew Dumba             Patrick Kane                                      45     0   0  5  

Penalty Kill 4 Players Forward 
   Center                   Wing                     Time % Phy DF OF 
 1 Nic Dowd                 Jake DeBrusk             70     0   5  0  
 2 Nazem Kadri              Reyley Smith             30     0   5  0  

Penalty Kill 4 Players Defense
   Defense                  Defense                  Time % Phy DF OF 
 1 Ryan Lindgren            Mathew Dumba             70     0   5  0  
 2 Nick Holden              Erik Johnson             30     0   5  0  

Penalty Kill - 3 Players Forward 
   Forward                                           Time % Phy DF OF 
 1 Nic Dowd                                          70     0   5  0  
 2 Nazem Kadri                                       30     0   5  0  

Penalty Kill - 3 Players Defense
   Defense                  Defense                  Time % Phy DF OF 
 1 Ryan Lindgren            Mathew Dumba             70     0   5  0  
 2 Nick Holden              Erik Johnson             30     0   5  0  

4 vs 4 Forward 
   Center                   Wing                     Time % Phy DF OF 
 1 Nazem Kadri              Jason Robertson          55     0   0  5  
 2 Nick Suzuki              Patrick Kane             45     0   0  5  

4 vs 4 Defense
   Defense                  Defense                  Time % Phy DF OF 
 1 Quinton Hughes           Erik Johnson             55     0   1  4  
 2 Ryan Lindgren            Mathew Dumba             45     0   1  4  

Last Minutes Offensive
   Center                   Left Wing                Right Wing               Defense                  Defense                  
   Nazem Kadri              Jason Robertson          Jordan Kyrou             Quinton Hughes           Jack Hughes              

Last Minutes Defensive
   Center                   Left Wing                Right Wing               Defense                  Defense                  
   Nazem Kadri              Jason Robertson          Reyley Smith             Ryan Lindgren            Erik Johnson             

Goaltenders
Starting : Carter Hart              
Backup : Pavel Francouz           

Extra Forwards
Normal : Dillon Dube, Frank Vatrano, Jake DeBrusk - PP : Jake DeBrusk, Frank Vatrano - PK : Dillon Dube
Extra Defensemen
Normal : Ryan Lindgren, Marc Staal, Erik Johnson - PP : Erik Johnson - PK : Marc Staal, Quinton Hughes
Penalty Shots
Nazem Kadri, Jack Hughes, Jason Robertson, Patrick Kane, Jordan Kyrou
Custom OT Lines Forwards
Nazem Kadri, Patrick Kane, Jason Robertson, Jack Hughes, Jordan Kyrou, Nick Suzuki, Alex Killorn, Reyley Smith, Jake DeBrusk, Frank Vatrano
Custom OT Lines Defensemen
Quinton Hughes, Mathew Dumba, Erik Johnson, Nick Holden, Ryan Lindgren

Scratches
Connor Clifton (Healthy), Colin Blackwell (Healthy), Josh Manson (Healthy)

SASKATOON DUCKS

5 vs 5 Forward 
   Center                   Left Wing                Right Wing               Time % Phy DF OF 
 1 Sidney Crosby            Jake Guentzel            Kailer Yamamoto          30     1   2  2  
 2 Claude Giroux            Bryan Rust               William Nylander         30     1   2  2  
 3 Ryan Strome              Artemi Panarin           Anthony Duclair          30     1   2  2  
 4 Derick Brassard          Mathieu Joseph           Curtis Lazar             10     1   2  2  

5 vs 5 Defense 
   Defense                  Defense                                           Time % Phy DF OF 
 1 Ryan McDonagh            Kevin Shattenkirk                                 40     1   2  2  
 2 Alexander Edler          Samuel Girard                                     36     1   2  2  
 3 Jaycob Megna             William Borgen                                    24     1   2  2  
 4 Ryan McDonagh            Kevin Shattenkirk                                 0      1   2  2  

PowerPlay Forward 
   Center                   Left Wing                Right Wing               Time % Phy DF OF 
 1 Sidney Crosby            Bryan Rust               Jake Guentzel            55     1   2  2  
 2 Claude Giroux            Artemi Panarin           William Nylander         45     1   2  2  

PowerPlay Defense
   Defense                  Defense                                           Time % Phy DF OF 
 1 Kevin Shattenkirk        Ryan McDonagh                                     55     1   2  2  
 2 Samuel Girard            Anthony Duclair                                   45     1   2  2  

Penalty Kill 4 Players Forward 
   Center                   Wing                     Time % Phy DF OF 
 1 Ryan Strome              Anthony Duclair          55     1   2  2  
 2 Curtis Lazar             Mathieu Joseph           45     1   2  2  

Penalty Kill 4 Players Defense
   Defense                  Defense                  Time % Phy DF OF 
 1 Ryan McDonagh            Kevin Shattenkirk        55     1   2  2  
 2 Alexander Edler          Samuel Girard            45     1   2  2  

Penalty Kill - 3 Players Forward 
   Forward                                           Time % Phy DF OF 
 1 Ryan Strome                                       55     1   2  2  
 2 Curtis Lazar                                      45     1   2  2  

Penalty Kill - 3 Players Defense
   Defense                  Defense                  Time % Phy DF OF 
 1 Ryan McDonagh            Kevin Shattenkirk        55     1   2  2  
 2 Alexander Edler          Samuel Girard            45     1   2  2  

4 vs 4 Forward 
   Center                   Wing                     Time % Phy DF OF 
 1 Sidney Crosby            William Nylander         55     1   2  2  
 2 Ryan Strome              Artemi Panarin           45     1   2  2  

4 vs 4 Defense
   Defense                  Defense                  Time % Phy DF OF 
 1 Ryan McDonagh            Kevin Shattenkirk        55     1   2  2  
 2 Alexander Edler          Samuel Girard            45     1   2  2  

Last Minutes Offensive
   Center                   Left Wing                Right Wing               Defense                  Defense                  
   Sidney Crosby            Artemi Panarin           Jake Guentzel            Ryan McDonagh            Kevin Shattenkirk        

Last Minutes Defensive
   Center                   Left Wing                Right Wing               Defense                  Defense                  
   Sidney Crosby            Jake Guentzel            William Nylander         Ryan McDonagh            Kevin Shattenkirk        

Goaltenders
Starting : Tristan Jarry            
Backup : Karel Vejmelka           

Extra Forwards
Normal : Claude Giroux, Sidney Crosby, Jake Guentzel - PP : Bryan Rust, Anthony Duclair - PK : William Nylander
Extra Defensemen
Normal : Jaycob Megna, William Borgen, Alexander Edler - PP : Jaycob Megna - PK : William Borgen, Alexander Edler
Penalty Shots
Sidney Crosby, Jake Guentzel, Artemi Panarin, William Nylander, Bryan Rust
Custom OT Lines Forwards
Sidney Crosby, Jake Guentzel, Claude Giroux, Artemi Panarin, William Nylander, Bryan Rust, Ryan Strome, Anthony Duclair, Mathieu Joseph, Kailer Yamamoto
Custom OT Lines Defensemen
Ryan McDonagh, Kevin Shattenkirk, Alexander Edler, Samuel Girard, Jaycob Megna

Scratches
None


% Time on Ice - NORTH DAKOTA HAWKS

Lines # - Real PCT - Wanted PCT - Time Play
Normal Forward
1 - 30% - 30% - 15:37
2 - 30% - 29% - 15:28
3 - 28% - 28% - 14:42
4 - 12% - 13% - 6:17
Normal Defense
1 - 36% - 37% - 18:49
2 - 33% - 33% - 17:17
3 - 21% - 20% - 10:46
4 - 10% - 10% - 5:12
PP Forward
1 - 43% - 55% - 1:42
2 - 57% - 45% - 2:16
PP Defense
1 - 53% - 55% - 2:05
2 - 47% - 45% - 1:53
PK Forward
1 - 92% - 70% - 3:38
2 - 8% - 30% - 0:20
PK Defense
1 - 57% - 70% - 2:15
2 - 43% - 30% - 1:43
PK3 Forward
1 - 0% - 70%
2 - 0% - 30%
PK3 Defense
1 - 0% - 70%
2 - 0% - 30%
44 Forward
1 - 0% - 55%
2 - 0% - 45%
44 Defense
1 - 0% - 55%
2 - 0% - 45%
Last Minute Offensive  - 0:00
Last Minute Defensive  - 0:00
Total
Forward - 60:00
Defense - 60:00

% Time on Ice - SASKATOON DUCKS

Lines # - Real PCT - Wanted PCT - Time Play
Normal Forward
1 - 30% - 30% - 15:50
2 - 29% - 30% - 14:55
3 - 30% - 30% - 15:35
4 - 11% - 10% - 5:38
Normal Defense
1 - 38% - 40% - 19:51
2 - 35% - 36% - 18:02
3 - 27% - 24% - 14:05
4 - 0% - 0% - 0:00
PP Forward
1 - 39% - 55% - 1:32
2 - 61% - 45% - 2:26
PP Defense
1 - 53% - 55% - 2:07
2 - 47% - 45% - 1:51
PK Forward
1 - 58% - 55% - 2:17
2 - 42% - 45% - 1:41
PK Defense
1 - 57% - 55% - 2:15
2 - 43% - 45% - 1:43
PK3 Forward
1 - 0% - 55%
2 - 0% - 45%
PK3 Defense
1 - 0% - 55%
2 - 0% - 45%
44 Forward
1 - 0% - 55%
2 - 0% - 45%
44 Defense
1 - 0% - 55%
2 - 0% - 45%
Last Minute Offensive  - 0:06
Last Minute Defensive  - 0:00
Total
Forward - 60:00
Defense - 60:00

Play-by-Play

1st period


0:01 of 1st period - Nazem Kadri wins face-off versus Sidney Crosby in neutral zone.
0:01 of 1st period - Jason Robertson is hit by Kailer Yamamoto and loses puck.
0:17 of 1st period - Icing by Jordan Kyrou.
0:18 of 1st period - Nazem Kadri wins face-off versus Bryan Rust in NORTH DAKOTA HAWKS zone.
0:31 of 1st period - Shot by Jason Robertson.
0:31 of 1st period - Stopped by Tristan Jarry without a rebound.
0:32 of 1st period - Ryan Strome wins face-off versus Jack Hughes in SASKATOON DUCKS zone.
0:54 of 1st period - Shot by Reyley Smith.
0:54 of 1st period - Shot Misses the Net.
1:06 of 1st period - Shot by Alex Killorn.
1:06 of 1st period - Stopped by Tristan Jarry without a rebound.
1:07 of 1st period - Nick Suzuki wins face-off versus Mathieu Joseph in SASKATOON DUCKS zone.
1:12 of 1st period - Shot by Dillon Dube.
1:12 of 1st period - Stopped by Tristan Jarry without a rebound.
1:13 of 1st period - Patrick Kane wins face-off versus Claude Giroux in SASKATOON DUCKS zone.
2:17 of 1st period - Icing by Sidney Crosby.
2:18 of 1st period - Nic Dowd wins face-off versus Sidney Crosby in SASKATOON DUCKS zone.
2:49 of 1st period - Shot by Frank Vatrano.
2:49 of 1st period - Shot Misses the Net.
2:51 of 1st period - Shot by Erik Johnson.
2:51 of 1st period - Stopped by Tristan Jarry without a rebound.
2:52 of 1st period - Ryan Strome wins face-off versus Nazem Kadri in SASKATOON DUCKS zone.
3:03 of 1st period - Shot by Ryan Strome.
3:03 of 1st period - Stopped by Carter Hart with a rebound.
3:05 of 1st period - Shot by Anthony Duclair.
3:05 of 1st period - Shot Blocked by Mathew Dumba.
3:15 of 1st period - Shot by Artemi Panarin.
3:15 of 1st period - Stopped by Carter Hart without a rebound.
3:16 of 1st period - Derick Brassard wins face-off versus Reyley Smith in NORTH DAKOTA HAWKS zone.
3:37 of 1st period - Shot by Jack Hughes.
3:37 of 1st period - Shot Misses the Net.
3:39 of 1st period - Shot by Quinton Hughes.
3:39 of 1st period - Stopped by Tristan Jarry without a rebound.
3:40 of 1st period - Nazem Kadri wins face-off versus Artemi Panarin in SASKATOON DUCKS zone.
4:48 of 1st period - Shot by Jake Guentzel.
4:48 of 1st period - Shot Blocked by Mathew Dumba.
4:56 of 1st period - Shot by Reyley Smith.
4:56 of 1st period - Shot Misses the Net.
4:58 of 1st period - Shot by Alex Killorn.
4:58 of 1st period - Stopped by Tristan Jarry without a rebound.
4:59 of 1st period - Nick Suzuki wins face-off versus Claude Giroux in SASKATOON DUCKS zone.
5:35 of 1st period - Shot by William Nylander.
5:35 of 1st period - Goal by William Nylander - NORTH DAKOTA HAWKS : 0 - SASKATOON DUCKS : 1.
5:36 of 1st period - Jack Hughes wins face-off versus Sidney Crosby in neutral zone.
6:12 of 1st period - Shot by Jake Guentzel.
6:12 of 1st period - Shot Misses the Net.
6:14 of 1st period - Shot by Jake Guentzel.
6:14 of 1st period - Stopped by Carter Hart without a rebound.
6:15 of 1st period - Nic Dowd wins face-off versus Bryan Rust in NORTH DAKOTA HAWKS zone.
6:35 of 1st period - Minor Penalty to Marc Staal for Hooking.
6:36 of 1st period - Nic Dowd wins face-off versus Sidney Crosby in NORTH DAKOTA HAWKS zone.
6:36 of 1st period - Nic Dowd is hit by Sidney Crosby.
7:28 of 1st period - Off-side.
7:29 of 1st period - Nic Dowd wins face-off versus Claude Giroux in neutral zone.
7:42 of 1st period - Shot by Artemi Panarin.
7:42 of 1st period - Shot Blocked by Ryan Lindgren.
7:44 of 1st period - Shot by Claude Giroux.
7:44 of 1st period - Shot Misses the Net.
7:46 of 1st period - Shot by William Nylander.
7:46 of 1st period - Stopped by Carter Hart without a rebound.
7:47 of 1st period - Claude Giroux wins face-off versus Nic Dowd in NORTH DAKOTA HAWKS zone.
8:40 of 1st period - Shot by Mathieu Joseph.
8:40 of 1st period - Stopped by Carter Hart with a rebound.
8:50 of 1st period - Shot by Mathieu Joseph.
8:50 of 1st period - Stopped by Carter Hart without a rebound.
8:51 of 1st period - Sidney Crosby wins face-off versus Nazem Kadri in NORTH DAKOTA HAWKS zone.
8:53 of 1st period - Jake Guentzel is hit by Nick Holden and loses puck.
9:28 of 1st period - Shot by Jason Robertson.
9:28 of 1st period - Shot Misses the Net.
9:30 of 1st period - Shot by Nazem Kadri.
9:30 of 1st period - Stopped by Tristan Jarry without a rebound.
9:31 of 1st period - Claude Giroux wins face-off versus Jack Hughes in SASKATOON DUCKS zone.
9:48 of 1st period - Icing by Reyley Smith.
9:49 of 1st period - Jack Hughes wins face-off versus Ryan Strome in NORTH DAKOTA HAWKS zone.
11:18 of 1st period - Shot by William Nylander.
11:18 of 1st period - Shot Misses the Net.
11:20 of 1st period - Shot by Alexander Edler.
11:20 of 1st period - Stopped by Carter Hart without a rebound.
11:21 of 1st period - Sidney Crosby wins face-off versus Nazem Kadri in NORTH DAKOTA HAWKS zone.
11:54 of 1st period - Shot by Sidney Crosby.
11:54 of 1st period - Stopped by Carter Hart with a rebound.
13:29 of 1st period - Shot by Patrick Kane.
13:29 of 1st period - Shot Misses the Net.
13:31 of 1st period - Shot by Ryan Lindgren.
13:31 of 1st period - Shot Misses the Net.
13:33 of 1st period - Shot by Dillon Dube.
13:33 of 1st period - Shot Blocked by Samuel Girard.
13:56 of 1st period - Off-side.
13:57 of 1st period - Jack Hughes wins face-off versus Claude Giroux in neutral zone.
14:02 of 1st period - Shot by Alex Killorn.
14:02 of 1st period - Goal by Alex Killorn - NORTH DAKOTA HAWKS : 1 - SASKATOON DUCKS : 1.
14:03 of 1st period - Nazem Kadri wins face-off versus Claude Giroux in neutral zone.
14:36 of 1st period - Shot by Jason Robertson.
14:36 of 1st period - Shot Misses the Net.
14:38 of 1st period - Shot by Nazem Kadri.
14:38 of 1st period - Stopped by Tristan Jarry without a rebound.
14:39 of 1st period - Derick Brassard wins face-off versus Jack Hughes in SASKATOON DUCKS zone.
14:46 of 1st period - Icing by Jack Hughes.
14:47 of 1st period - Jack Hughes wins face-off versus Derick Brassard in NORTH DAKOTA HAWKS zone.
15:10 of 1st period - Shot by Jack Hughes.
15:10 of 1st period - Shot Blocked by Ryan McDonagh.
15:49 of 1st period - Quinton Hughes is hit by Claude Giroux.
16:25 of 1st period - Nick Suzuki is hit by Alexander Edler.
16:27 of 1st period - Shot by Patrick Kane.
16:27 of 1st period - Stopped by Tristan Jarry without a rebound.
16:28 of 1st period - Ryan Strome wins face-off versus Nazem Kadri in SASKATOON DUCKS zone.
16:28 of 1st period - Ryan Strome is hit by Nazem Kadri.
16:33 of 1st period - Off-side.
16:34 of 1st period - Ryan Strome wins face-off versus Nazem Kadri in neutral zone.
16:39 of 1st period - Icing by Ryan Lindgren.
16:40 of 1st period - Nazem Kadri wins face-off versus Ryan Strome in NORTH DAKOTA HAWKS zone.
16:45 of 1st period - Shot by Nazem Kadri.
16:45 of 1st period - Shot Misses the Net.
17:39 of 1st period - Icing by Ryan Lindgren.
17:40 of 1st period - Nazem Kadri wins face-off versus Sidney Crosby in NORTH DAKOTA HAWKS zone.
17:54 of 1st period - Jason Robertson is hit by Jake Guentzel and loses puck.
18:20 of 1st period - Icing by Erik Johnson.
18:21 of 1st period - Claude Giroux wins face-off versus Nick Suzuki in NORTH DAKOTA HAWKS zone.
18:22 of 1st period - Shot by William Nylander.
18:22 of 1st period - Shot Misses the Net.
18:24 of 1st period - Shot by Claude Giroux.
18:24 of 1st period - Stopped by Carter Hart with a rebound.
18:48 of 1st period - Shot by Patrick Kane.
18:48 of 1st period - Stopped by Tristan Jarry with a rebound.
18:55 of 1st period - Icing by Jaycob Megna.
18:56 of 1st period - Claude Giroux wins face-off versus Jack Hughes in SASKATOON DUCKS zone.
19:05 of 1st period - Off-side.
19:06 of 1st period - Sidney Crosby wins face-off versus Nic Dowd in neutral zone.
19:18 of 1st period - Icing by Jake DeBrusk.
19:19 of 1st period - Nic Dowd wins face-off versus Ryan Strome in NORTH DAKOTA HAWKS zone.
19:19 of 1st period - Nic Dowd is hit by Artemi Panarin.
19:27 of 1st period - Icing by Ryan McDonagh.
19:28 of 1st period - Ryan Strome wins face-off versus Nick Suzuki in SASKATOON DUCKS zone.
Goals for this period are 1 for NORTH DAKOTA HAWKS vs 1 for SASKATOON DUCKS.
Shots for this period are 11 for NORTH DAKOTA HAWKS vs 10 for SASKATOON DUCKS.

2nd period


0:01 of 2nd period - Sidney Crosby wins face-off versus Jack Hughes in neutral zone.
0:11 of 2nd period - Shot by Jake Guentzel.
0:11 of 2nd period - Goal by Jake Guentzel - NORTH DAKOTA HAWKS : 1 - SASKATOON DUCKS : 2.
0:12 of 2nd period - Claude Giroux wins face-off versus Nick Suzuki in neutral zone.
0:55 of 2nd period - Shot by William Nylander.
0:55 of 2nd period - Shot Misses the Net.
1:06 of 2nd period - Ryan McDonagh is hit by Ryan Lindgren.
1:18 of 2nd period - Icing by Nick Suzuki.
1:19 of 2nd period - Sidney Crosby wins face-off versus Nick Suzuki in NORTH DAKOTA HAWKS zone.
1:55 of 2nd period - Jake Guentzel is hit by Mathew Dumba and loses puck.
2:40 of 2nd period - Shot by Reyley Smith.
2:40 of 2nd period - Goal by Reyley Smith - NORTH DAKOTA HAWKS : 2 - SASKATOON DUCKS : 2.
2:41 of 2nd period - Nazem Kadri wins face-off versus Claude Giroux in neutral zone.
3:26 of 2nd period - Shot by William Nylander.
3:26 of 2nd period - Stopped by Carter Hart without a rebound.
3:27 of 2nd period - Ryan Strome wins face-off versus Jack Hughes in NORTH DAKOTA HAWKS zone.
3:27 of 2nd period - Artemi Panarin is hit by Erik Johnson and loses puck.
4:15 of 2nd period - Ryan Strome is hit by Erik Johnson and loses puck.
4:19 of 2nd period - Icing by Erik Johnson.
4:20 of 2nd period - Sidney Crosby wins face-off versus Jack Hughes in NORTH DAKOTA HAWKS zone.
5:39 of 2nd period - Ryan Lindgren is hit by Jake Guentzel.
6:09 of 2nd period - Jason Robertson is hit by Ryan Strome and loses puck.
6:16 of 2nd period - Shot by Anthony Duclair.
6:16 of 2nd period - Stopped by Carter Hart without a rebound.
6:17 of 2nd period - Nick Suzuki wins face-off versus Derick Brassard in NORTH DAKOTA HAWKS zone.
6:17 of 2nd period - Nick Suzuki is hit by Curtis Lazar.
6:29 of 2nd period - Shot by Patrick Kane.
6:29 of 2nd period - Stopped by Tristan Jarry without a rebound.
6:30 of 2nd period - Jack Hughes wins face-off versus Claude Giroux in SASKATOON DUCKS zone.
6:33 of 2nd period - Shot by Reyley Smith.
6:33 of 2nd period - Stopped by Tristan Jarry with a rebound.
6:35 of 2nd period - Shot by Alex Killorn.
6:35 of 2nd period - Stopped by Tristan Jarry without a rebound.
6:36 of 2nd period - Alex Killorn wins face-off versus Ryan Strome in SASKATOON DUCKS zone.
6:36 of 2nd period - Reyley Smith is hit by Kevin Shattenkirk and loses puck.
6:47 of 2nd period - Shot by Alex Killorn.
6:47 of 2nd period - Shot Misses the Net.
7:00 of 2nd period - Alex Killorn is hit by Ryan McDonagh and loses puck.
7:09 of 2nd period - Shot by Alex Killorn.
7:09 of 2nd period - Stopped by Tristan Jarry with a rebound.
7:11 of 2nd period - Shot by Ryan Lindgren.
7:11 of 2nd period - Shot Hit the Post.
7:13 of 2nd period - Shot by Alex Killorn.
7:13 of 2nd period - Deflect By Jack Hughes.
7:13 of 2nd period - Shot Misses the Net.
7:15 of 2nd period - Shot by Mathew Dumba.
7:15 of 2nd period - Shot Blocked by Anthony Duclair.
7:17 of 2nd period - Shot by Reyley Smith.
7:17 of 2nd period - Stopped by Tristan Jarry with a rebound.
7:19 of 2nd period - Shot by Jack Hughes.
7:19 of 2nd period - Stopped by Tristan Jarry with a rebound.
7:21 of 2nd period - Shot by Jack Hughes.
7:21 of 2nd period - Stopped by Tristan Jarry with a rebound.
7:23 of 2nd period - Shot by Reyley Smith.
7:23 of 2nd period - Stopped by Tristan Jarry without a rebound.
7:24 of 2nd period - Nazem Kadri wins face-off versus Claude Giroux in SASKATOON DUCKS zone.
7:59 of 2nd period - Nazem Kadri is hit by Bryan Rust and loses puck.
8:51 of 2nd period - Shot by Nic Dowd.
8:51 of 2nd period - Stopped by Tristan Jarry with a rebound.
9:01 of 2nd period - Shot by Jake DeBrusk.
9:01 of 2nd period - Shot Misses the Net.
9:03 of 2nd period - Shot by Frank Vatrano.
9:03 of 2nd period - Shot Blocked by Alexander Edler.
9:05 of 2nd period - Shot by Nic Dowd.
9:05 of 2nd period - Shot Misses the Net.
9:30 of 2nd period - Shot by Anthony Duclair.
9:30 of 2nd period - Shot Misses the Net.
9:52 of 2nd period - Shot by Artemi Panarin.
9:52 of 2nd period - Goal by Artemi Panarin - NORTH DAKOTA HAWKS : 2 - SASKATOON DUCKS : 3.
9:53 of 2nd period - Claude Giroux wins face-off versus Jack Hughes in neutral zone.
10:06 of 2nd period - Shot by Claude Giroux.
10:06 of 2nd period - Shot Misses the Net.
10:17 of 2nd period - Reyley Smith is hit by Jaycob Megna and loses puck.
10:30 of 2nd period - Shot by Alex Killorn.
10:30 of 2nd period - Stopped by Tristan Jarry without a rebound.
10:31 of 2nd period - Sidney Crosby wins face-off versus Nazem Kadri in SASKATOON DUCKS zone.
10:38 of 2nd period - Shot by Jake Guentzel.
10:38 of 2nd period - Deflect By Sidney Crosby.
10:38 of 2nd period - Shot Blocked by Nazem Kadri.
10:42 of 2nd period - Shot by Jake Guentzel.
10:42 of 2nd period - Stopped by Carter Hart without a rebound.
10:43 of 2nd period - Nick Suzuki wins face-off versus Artemi Panarin in NORTH DAKOTA HAWKS zone.
10:56 of 2nd period - Shot by Patrick Kane.
10:56 of 2nd period - Stopped by Tristan Jarry without a rebound.
10:57 of 2nd period - Sidney Crosby wins face-off versus Nazem Kadri in SASKATOON DUCKS zone.
10:57 of 2nd period - Sidney Crosby is hit by Jason Robertson.
11:06 of 2nd period - Sidney Crosby is hit by Marc Staal and loses puck.
12:03 of 2nd period - Shot by Claude Giroux.
12:03 of 2nd period - Stopped by Carter Hart without a rebound.
12:04 of 2nd period - Ryan Strome wins face-off versus Jack Hughes in NORTH DAKOTA HAWKS zone.
12:20 of 2nd period - Off-side.
12:21 of 2nd period - Nick Suzuki wins face-off versus Claude Giroux in neutral zone.
12:39 of 2nd period - Minor Penalty to Ryan McDonagh for Holding Stick.
12:40 of 2nd period - Ryan Strome wins face-off versus Nick Suzuki in SASKATOON DUCKS zone.
13:21 of 2nd period - Off-side.
13:22 of 2nd period - Ryan Strome wins face-off versus Nazem Kadri in neutral zone.
13:22 of 2nd period - Anthony Duclair is hit by Nazem Kadri and loses puck.
13:30 of 2nd period - Shot by Mathew Dumba.
13:30 of 2nd period - Shot Misses the Net.
13:32 of 2nd period - Shot by Mathew Dumba.
13:32 of 2nd period - Stopped by Tristan Jarry with a rebound.
13:58 of 2nd period - Shot by Jordan Kyrou.
13:58 of 2nd period - Shot Misses the Net.
14:00 of 2nd period - Shot by Nazem Kadri.
14:00 of 2nd period - Shot Blocked by Samuel Girard.
14:09 of 2nd period - Shot by Jason Robertson.
14:09 of 2nd period - Stopped by Tristan Jarry without a rebound.
14:10 of 2nd period - Nick Suzuki wins face-off versus Curtis Lazar in SASKATOON DUCKS zone.
16:36 of 2nd period - Shot by Artemi Panarin.
16:36 of 2nd period - Stopped by Carter Hart with a rebound.
16:38 of 2nd period - Shot by Anthony Duclair.
16:38 of 2nd period - Goal by Anthony Duclair - NORTH DAKOTA HAWKS : 2 - SASKATOON DUCKS : 4.
16:38 of 2nd period - Pavel Francouz enters game.
16:39 of 2nd period - Claude Giroux wins face-off versus Nick Suzuki in neutral zone.
17:30 of 2nd period - Icing by Ryan Lindgren.
17:31 of 2nd period - Ryan Strome wins face-off versus Nick Suzuki in NORTH DAKOTA HAWKS zone.
17:35 of 2nd period - Icing by Ryan Lindgren.
17:36 of 2nd period - Ryan Strome wins face-off versus Patrick Kane in NORTH DAKOTA HAWKS zone.
17:46 of 2nd period - Minor Penalty to Artemi Panarin for Hooking.
17:47 of 2nd period - Ryan Strome wins face-off versus Jason Robertson in SASKATOON DUCKS zone.
17:53 of 2nd period - Icing by Jason Robertson.
17:54 of 2nd period - Ryan Strome wins face-off versus Nazem Kadri in NORTH DAKOTA HAWKS zone.
18:40 of 2nd period - Off-side.
18:41 of 2nd period - Nick Suzuki wins face-off versus Ryan Strome in neutral zone.
18:52 of 2nd period - Shot by Patrick Kane.
18:52 of 2nd period - Shot Misses the Net.
18:58 of 2nd period - Shot by Alex Killorn.
18:58 of 2nd period - Stopped by Tristan Jarry without a rebound.
18:59 of 2nd period - Nick Suzuki wins face-off versus Ryan Strome in SASKATOON DUCKS zone.
19:32 of 2nd period - Shot by Patrick Kane.
19:32 of 2nd period - Shot Misses the Net.
Goals for this period are 1 for NORTH DAKOTA HAWKS vs 3 for SASKATOON DUCKS.
Shots for this period are 15 for NORTH DAKOTA HAWKS vs 8 for SASKATOON DUCKS.

3rd period


0:01 of 3rd period - Nazem Kadri wins face-off versus Ryan Strome in neutral zone.
1:34 of 3rd period - Shot by Reyley Smith.
1:34 of 3rd period - Stopped by Tristan Jarry without a rebound.
1:35 of 3rd period - Sidney Crosby wins face-off versus Nick Suzuki in SASKATOON DUCKS zone.
2:32 of 3rd period - Jake Guentzel is hit by Alex Killorn and loses puck.
2:45 of 3rd period - Shot by Reyley Smith.
2:45 of 3rd period - Deflect By Jack Hughes.
2:45 of 3rd period - Stopped by Tristan Jarry without a rebound.
2:46 of 3rd period - Nazem Kadri wins face-off versus Claude Giroux in SASKATOON DUCKS zone.
3:17 of 3rd period - Shot by Nazem Kadri.
3:17 of 3rd period - Shot Misses the Net.
3:19 of 3rd period - Shot by Nazem Kadri.
3:19 of 3rd period - Stopped by Tristan Jarry without a rebound.
3:20 of 3rd period - Jack Hughes wins face-off versus Derick Brassard in SASKATOON DUCKS zone.
3:42 of 3rd period - Jack Hughes is hit by Ryan McDonagh and loses puck.
3:45 of 3rd period - Shot by Reyley Smith.
3:45 of 3rd period - Goal by Reyley Smith - NORTH DAKOTA HAWKS : 3 - SASKATOON DUCKS : 4.
3:46 of 3rd period - Artemi Panarin wins face-off versus Nick Suzuki in neutral zone.
4:06 of 3rd period - Shot by Ryan Strome.
4:06 of 3rd period - Shot Blocked by Nick Suzuki.
4:08 of 3rd period - Shot by Ryan Strome.
4:08 of 3rd period - Stopped by Pavel Francouz with a rebound.
4:12 of 3rd period - Shot by Anthony Duclair.
4:12 of 3rd period - Shot Blocked by Mathew Dumba.
4:14 of 3rd period - Shot by Ryan Strome.
4:14 of 3rd period - Shot Misses the Net.
4:40 of 3rd period - Shot by Bryan Rust.
4:40 of 3rd period - Stopped by Pavel Francouz without a rebound.
4:41 of 3rd period - Claude Giroux wins face-off versus Nazem Kadri in NORTH DAKOTA HAWKS zone.
5:19 of 3rd period - Nazem Kadri is hit by Kevin Shattenkirk and loses puck.
5:50 of 3rd period - Reyley Smith is hit by Sidney Crosby and loses puck.
6:52 of 3rd period - Shot by Artemi Panarin.
6:52 of 3rd period - Shot Blocked by Nick Holden.
6:54 of 3rd period - Shot by Ryan Strome.
6:54 of 3rd period - Stopped by Pavel Francouz with a rebound.
7:19 of 3rd period - Shot by Nick Suzuki.
7:19 of 3rd period - Shot Blocked by Anthony Duclair.
7:21 of 3rd period - Shot by Dillon Dube.
7:21 of 3rd period - Shot Misses the Net.
7:49 of 3rd period - Shot by Patrick Kane.
7:49 of 3rd period - Deflect By Nick Suzuki.
7:49 of 3rd period - Stopped by Tristan Jarry without a rebound.
7:50 of 3rd period - Claude Giroux wins face-off versus Nazem Kadri in SASKATOON DUCKS zone.
8:03 of 3rd period - Icing by Nazem Kadri.
8:04 of 3rd period - Sidney Crosby wins face-off versus Nazem Kadri in NORTH DAKOTA HAWKS zone.
8:11 of 3rd period - Shot by Nazem Kadri.
8:11 of 3rd period - Stopped by Tristan Jarry without a rebound.
8:12 of 3rd period - Sidney Crosby wins face-off versus Jake DeBrusk in SASKATOON DUCKS zone.
8:48 of 3rd period - Shot by Jake Guentzel.
8:48 of 3rd period - Shot Misses the Net.
9:32 of 3rd period - Shot by Nazem Kadri.
9:32 of 3rd period - Goal by Nazem Kadri - NORTH DAKOTA HAWKS : 4 - SASKATOON DUCKS : 4.
9:33 of 3rd period - Jack Hughes wins face-off versus Bryan Rust in neutral zone.
9:53 of 3rd period - Jack Hughes is hit by Samuel Girard and loses puck.
10:05 of 3rd period - Reyley Smith is hit by Alexander Edler and loses puck.
10:42 of 3rd period - Shot by Anthony Duclair.
10:42 of 3rd period - Shot Misses the Net.
10:44 of 3rd period - Shot by Jaycob Megna.
10:44 of 3rd period - Shot Blocked by Mathew Dumba.
10:46 of 3rd period - Shot by Artemi Panarin.
10:46 of 3rd period - Goal by Artemi Panarin - NORTH DAKOTA HAWKS : 4 - SASKATOON DUCKS : 5.
10:47 of 3rd period - Nazem Kadri wins face-off versus Derick Brassard in neutral zone.
12:11 of 3rd period - Icing by Ryan Lindgren.
12:12 of 3rd period - Ryan Strome wins face-off versus Patrick Kane in NORTH DAKOTA HAWKS zone.
12:17 of 3rd period - Shot by Artemi Panarin.
12:17 of 3rd period - Stopped by Pavel Francouz with a rebound.
12:19 of 3rd period - Shot by Anthony Duclair.
12:19 of 3rd period - Stopped by Pavel Francouz without a rebound.
12:20 of 3rd period - Claude Giroux wins face-off versus Jack Hughes in NORTH DAKOTA HAWKS zone.
12:23 of 3rd period - Shot by Bryan Rust.
12:23 of 3rd period - Stopped by Pavel Francouz without a rebound.
12:24 of 3rd period - William Nylander wins face-off versus Jack Hughes in NORTH DAKOTA HAWKS zone.
12:27 of 3rd period - Shot by William Nylander.
12:27 of 3rd period - Stopped by Pavel Francouz without a rebound.
12:28 of 3rd period - Ryan Strome wins face-off versus Jack Hughes in NORTH DAKOTA HAWKS zone.
12:33 of 3rd period - Shot by Anthony Duclair.
12:33 of 3rd period - Stopped by Pavel Francouz without a rebound.
12:34 of 3rd period - Claude Giroux wins face-off versus Nick Suzuki in NORTH DAKOTA HAWKS zone.
13:04 of 3rd period - Nick Suzuki is hit by Alexander Edler and loses puck.
13:07 of 3rd period - Shot by Dillon Dube.
13:07 of 3rd period - Goal by Dillon Dube - NORTH DAKOTA HAWKS : 5 - SASKATOON DUCKS : 5.
13:08 of 3rd period - Ryan Strome wins face-off versus Jack Hughes in neutral zone.
13:11 of 3rd period - Erik Johnson is hit by Ryan Strome.
14:12 of 3rd period - Icing by Kevin Shattenkirk.
14:13 of 3rd period - Nic Dowd wins face-off versus Ryan Strome in SASKATOON DUCKS zone.
14:47 of 3rd period - Shot by Sidney Crosby.
14:47 of 3rd period - Shot Misses the Net.
14:54 of 3rd period - Icing by Marc Staal.
14:55 of 3rd period - Nic Dowd wins face-off versus Claude Giroux in NORTH DAKOTA HAWKS zone.
15:03 of 3rd period - Minor Penalty to Nick Holden for Holding.
15:04 of 3rd period - Sidney Crosby wins face-off versus Nic Dowd in NORTH DAKOTA HAWKS zone.
16:35 of 3rd period - Frank Vatrano is hit by Claude Giroux.
16:42 of 3rd period - Icing by William Nylander.
16:43 of 3rd period - Claude Giroux wins face-off versus Nic Dowd in SASKATOON DUCKS zone.
16:43 of 3rd period - Claude Giroux is hit by Jake DeBrusk.
16:46 of 3rd period - Icing by William Nylander.
16:47 of 3rd period - Claude Giroux wins face-off versus Nic Dowd in SASKATOON DUCKS zone.
17:14 of 3rd period - Shot by Alex Killorn.
17:14 of 3rd period - Shot Misses the Net.
17:24 of 3rd period - Shot by Reyley Smith.
17:24 of 3rd period - Goal by Reyley Smith - NORTH DAKOTA HAWKS : 6 - SASKATOON DUCKS : 5.
17:25 of 3rd period - Curtis Lazar wins face-off versus Dillon Dube in neutral zone.
18:26 of 3rd period - Shot by Sidney Crosby.
18:26 of 3rd period - Stopped by Pavel Francouz with a rebound.
19:04 of 3rd period - SASKATOON DUCKS, Tristan Jarry is pulled from the net.
19:06 of 3rd period - Shot by Artemi Panarin.
19:06 of 3rd period - Goal by Artemi Panarin - NORTH DAKOTA HAWKS : 6 - SASKATOON DUCKS : 6.
19:06 of 3rd period - Tristan Jarry from SASKATOON DUCKS was sent back in the game.
19:07 of 3rd period - Claude Giroux wins face-off versus Jack Hughes in neutral zone.
19:16 of 3rd period - Icing by Marc Staal.
19:17 of 3rd period - Ryan Strome wins face-off versus Jack Hughes in NORTH DAKOTA HAWKS zone.
19:41 of 3rd period - Off-side.
19:42 of 3rd period - Claude Giroux wins face-off versus Dillon Dube in neutral zone.
19:52 of 3rd period - Off-side.
19:53 of 3rd period - Nazem Kadri wins face-off versus Kailer Yamamoto in neutral zone.
Goals for this period are 4 for NORTH DAKOTA HAWKS vs 2 for SASKATOON DUCKS.
Shots for this period are 9 for NORTH DAKOTA HAWKS vs 11 for SASKATOON DUCKS.

Overtime #1


0:01 of 1st overtime period - Sidney Crosby wins face-off versus Nazem Kadri in neutral zone.
0:12 of 1st overtime period - Shot by Patrick Kane.
0:12 of 1st overtime period - Shot Misses the Net.
1:04 of 1st overtime period - Off-side.
1:05 of 1st overtime period - Claude Giroux wins face-off versus Jack Hughes in neutral zone.
1:16 of 1st overtime period - Shot by Artemi Panarin.
1:16 of 1st overtime period - Shot Blocked by Mathew Dumba.
1:32 of 1st overtime period - Shot by Jason Robertson.
1:32 of 1st overtime period - Stopped by Tristan Jarry without a rebound.
1:33 of 1st overtime period - Jack Hughes wins face-off versus Sidney Crosby in SASKATOON DUCKS zone.
1:44 of 1st overtime period - Shot by Jason Robertson.
1:44 of 1st overtime period - Shot Misses the Net.
2:32 of 1st overtime period - Shot by Patrick Kane.
2:32 of 1st overtime period - Shot Misses the Net.
2:34 of 1st overtime period - Shot by Nazem Kadri.
2:34 of 1st overtime period - Stopped by Tristan Jarry without a rebound.
2:35 of 1st overtime period - Claude Giroux wins face-off versus Nazem Kadri in SASKATOON DUCKS zone.
2:50 of 1st overtime period - Shot by Claude Giroux.
2:50 of 1st overtime period - Stopped by Pavel Francouz without a rebound.
2:51 of 1st overtime period - Claude Giroux wins face-off versus Jack Hughes in NORTH DAKOTA HAWKS zone.
3:00 of 1st overtime period - Shot by Artemi Panarin.
3:00 of 1st overtime period - Shot Misses the Net.
3:30 of 1st overtime period - Shot by Claude Giroux.
3:30 of 1st overtime period - Stopped by Pavel Francouz without a rebound.
3:31 of 1st overtime period - Nazem Kadri wins face-off versus Sidney Crosby in NORTH DAKOTA HAWKS zone.
3:37 of 1st overtime period - Shot by Jake Guentzel.
3:37 of 1st overtime period - Shot Misses the Net.
4:31 of 1st overtime period - Shot by Artemi Panarin.
4:31 of 1st overtime period - Stopped by Pavel Francouz without a rebound.
4:32 of 1st overtime period - Claude Giroux wins face-off versus Jack Hughes in NORTH DAKOTA HAWKS zone.
Goals for this period are 0 for NORTH DAKOTA HAWKS vs 0 for SASKATOON DUCKS.
Shots for this period are 2 for NORTH DAKOTA HAWKS vs 3 for SASKATOON DUCKS.

ShootOut


5:00 of 1st overtime period - Round #1.
5:00 of 1st overtime period - NORTH DAKOTA HAWKS, Nazem Kadri.
5:00 of 1st overtime period - Shot Misses the Net.
5:00 of 1st overtime period - SASKATOON DUCKS, Sidney Crosby.
5:00 of 1st overtime period - Goal by Sidney Crosby.
5:00 of 1st overtime period - Round #2.
5:00 of 1st overtime period - NORTH DAKOTA HAWKS, Jack Hughes.
5:00 of 1st overtime period - Stopped by Tristan Jarry.
5:00 of 1st overtime period - SASKATOON DUCKS, Jake Guentzel.
5:00 of 1st overtime period - Stopped by Pavel Francouz.
5:00 of 1st overtime period - Round #3.
5:00 of 1st overtime period - NORTH DAKOTA HAWKS, Jason Robertson.
5:00 of 1st overtime period - Goal by Jason Robertson.
5:00 of 1st overtime period - SASKATOON DUCKS, Artemi Panarin.
5:00 of 1st overtime period - Goal by Artemi Panarin.


AUSTON
MATTHEWS
JOEL
ERIKSSON
MATHEW
BARZAL

EAST COAST

HOCKEY LEAGUE

  • 21.PIT7MAN3
  • 22.ATL3NHW4
  • 23.WOR5PET4
  • 24.3RHI4
  • 25.QUECHI
  • 26.CHALIM
  • 27.TRVLON
  • 28.CHWBAL